[Event "Seniors-LEM-50 Sachsen-Anhalt 2024"]
[Site "Magdeburg"]
[Date "2024.07.03"]
[Round "3.1"]
[White "Hansch, Torsten"]
[Black "Weitz, Andreas"]
[Result "1-0"]
[ECO "D96"]
[WhiteElo "2047"]
[BlackElo "1936"]
[Annotator "RC"]
[PlyCount "77"]
[EventDate "2024.06.25"]
[EventType "swiss"]
[EventCountry "GER"]
[SourceTitle "playchess.com"]
[Source "ChessBase"]
[SourceQuality "1"]
[TimeControl "40/5400+30:1800+30"]

1. d4 Nf6 2. c4 g6 3. Nc3 d5 4. Nf3 Bg7 5. Qb3 c6 6. cxd5 Nxd5 7. e4 Nxc3 8. bxc3 O-O 9. Bc4 b5 10. Be2 Be6 11. Qc2 a6 12. O-O f6 13. a4 Nd7 14. axb5 axb5 15. Ba3 Re8 16. Bb4 Bf8 17. c4 Qb6 18. d5 Bf7 19. c5 Qb7 20. dxc6 Qxc6 21. Nd4 Qc8 22. Bxb5 Rxa1 23. Rxa1 e5 24. Qa4 Rd8 25. Nc6 Nxc5 26. Bxc5 Bxc5 27. Nxd8 Qxd8 28. Qa8 Qxa8 29. Rxa8+ Bf8 30. Bc6 f5 31. Bd5 fxe4 32. Bxf7+ Kxf7 33. Ra4 e3 34. fxe3 h5 35. Ra6 Bc5 36. Kf2 g5 37. Kf3 h4 38. Ke4 Kg7 39. Rc6 1-0

[Event "Seniors-LEM-50 Sachsen-Anhalt 2024"]
[Site "Magdeburg"]
[Date "2024.07.03"]
[Round "3.2"]
[White "Hoffmann, Uwe"]
[Black "Mitschka, Manfred"]
[Result "1/2-1/2"]
[ECO "A40"]
[WhiteElo "2013"]
[BlackElo "1863"]
[Annotator "NA RC"]
[PlyCount "75"]
[EventDate "2024.06.25"]
[EventType "swiss"]
[EventCountry "GER"]
[SourceTitle "playchess.com"]
[Source "ChessBase"]
[SourceQuality "1"]
[TimeControl "40/5400+30:1800+30"]

1. d4 e6 2. c4 b6 3. e4 Bb7 4. Bd3 Bb4+ 5. Bd2 Bxd2+ 6. Qxd2 {[%emt 0:00:12] A40: Unusual replies to 1 d4.} f5 7. Nc3 Qh4 8. g3 Qe7 9. f3 Nc6 10. Nge2 O-O-O 11. O-O-O fxe4 12. fxe4 Rf8 13. Rhf1 Nf6 14. h3 Nb4 15. Bb1 Nc6 (15... e5 $11) 16. Ng1 Ne8 (16... Ba6 $142) 17. Nf3 Na5 (17... Kb8 $11 {might be stronger.}) 18. Bd3 Ba6 (18... Rf7 $14) 19. Qe2 Nc6 {[%emt 0:06:06] [#]} 20. c5 $1 Bb7 21. cxb6 ({White should play} 21. Qe3 $16) 21... cxb6 22. Kb1 Nc7 23. Nb5 Nxb5 24. Bxb5 Rf7 $11 25. Ba6 Rhf8 26. Bxb7+ Kxb7 27. Nh2 Rxf1 28. Nxf1 Qf6 29. d5 exd5 30. exd5 Qf5+ 31. Ka1 Nb4 32. a3 Na6 33. Ne3 Qe5 34. g4 Re8 35. Rd3 Nc5 36. Rc3 Na4 37. Rb3 Nc5 38. Rc3 1/2-1/2

[Event "Seniors-LEM-50 Sachsen-Anhalt 2024"]
[Site "Magdeburg"]
[Date "2024.07.03"]
[Round "3.3"]
[White "Klanten, Christoph"]
[Black "Langner, Hans-Rainer"]
[Result "1-0"]
[ECO "B01"]
[WhiteElo "1968"]
[BlackElo "1730"]
[Annotator "RC"]
[PlyCount "57"]
[EventDate "2024.06.25"]
[EventType "swiss"]
[EventCountry "GER"]
[SourceTitle "playchess.com"]
[Source "ChessBase"]
[SourceQuality "1"]
[TimeControl "40/5400+30:1800+30"]

1. e4 d5 2. exd5 Nf6 3. d4 Nxd5 4. c4 Nb4 5. a3 N4a6 6. Nf3 Bg4 7. Be2 c5 8. d5 e6 9. h3 Bh5 10. Nc3 Be7 11. Qb3 Qc8 12. Bf4 O-O 13. O-O Nd7 14. Rfe1 Bxf3 15. Bxf3 g5 16. Bg3 Nb6 17. Rad1 Bf6 18. dxe6 fxe6 19. Bg4 Re8 20. Nb5 Re7 21. Nxa7 Rxa7 22. Qxb6 Ra8 23. Rxe6 Qf8 24. Rxf6 Qg7 25. Rd8+ Re8 26. Qe6+ Kh8 27. Rxe8+ Rxe8 28. Qxe8+ Qg8 29. Rf8 1-0

[Event "Seniors-LEM-50 Sachsen-Anhalt 2024"]
[Site "Magdeburg"]
[Date "2024.07.03"]
[Round "3.4"]
[White "Schiller, Dirk"]
[Black "Frankenberger, Ralf"]
[Result "1/2-1/2"]
[ECO "D02"]
[WhiteElo "1885"]
[BlackElo "1939"]
[Annotator "NA RC"]
[PlyCount "28"]
[EventDate "2024.06.25"]
[EventType "swiss"]
[EventCountry "GER"]
[SourceTitle "playchess.com"]
[Source "ChessBase"]
[SourceQuality "1"]
[TimeControl "40/5400+30:1800+30"]

1. d4 Nf6 2. Bf4 d5 3. e3 e6 4. Nf3 c5 5. c3 Bd6 6. Ne5 Qc7 7. Nd2 Nbd7 8. Ndf3 Ne4 9. Bb5 f6 10. Nxd7 Bxd7 11. Bxd7+ Qxd7 12. O-O O-O 13. Bxd6 Qxd6 14. dxc5 Qxc5 1/2-1/2

[Event "Seniors-LEM-50 Sachsen-Anhalt 2024"]
[Site "Magdeburg"]
[Date "2024.07.03"]
[Round "3.5"]
[White "Hencke, Heiko"]
[Black "Dannhauer, Frank"]
[Result "1/2-1/2"]
[ECO "D02"]
[WhiteElo "1855"]
[BlackElo "1921"]
[Annotator "NA RC"]
[PlyCount "82"]
[EventDate "2024.06.25"]
[EventType "swiss"]
[EventCountry "GER"]
[SourceTitle "playchess.com"]
[Source "ChessBase"]
[SourceQuality "1"]
[TimeControl "40/5400+30:1800+30"]

1. d4 d5 2. Nf3 Nf6 3. Bf4 g6 4. e3 Bg7 5. Bd3 Nbd7 6. Nbd2 {[%emt 0:00:30] D02: 1 d4 d5 2 Nf3 sidelines, including 2...Nf6 3 g3 and 2...Nf6 3 Bf4.} c5 7. c3 O-O 8. h3 c4 9. Bc2 Re8 10. O-O Qb6 11. Qb1 Nh5 12. Bh2 f5 13. b3 cxb3 14. Qxb3 e6 15. c4 Nhf6 16. Ne5 Qxb3 17. Bxb3 Nxe5 18. Bxe5 Ne4 19. Nf3 (19. Nxe4 $16 dxe4 20. Ba4) 19... dxc4 20. Bxc4 Bd7 21. Rfc1 Bc6 22. Rab1 Bxe5 23. Nxe5 (23. dxe5 $14 b6 24. Nd4) 23... Nd2 24. Rb2 Nxc4 25. Rxc4 Bd5 26. Rc7 Rec8 (26... Rac8 $11 {is more appropriate.} 27. Rbc2 Rxc7 28. Rxc7 a6) 27. Rd7 Rc1+ 28. Kh2 Rac8 29. Nd3 (29. h4 $14) 29... R1c2 {[%emt 0:00:45] [#]} 30. Rd8+ $1 Kg7 31. Rxc8 Rxc8 32. Nf4 Rc7 (32... b6 $1 $11) 33. Nxd5 exd5 34. g4 Kf6 35. Kg3 h6 (35... b6 $11) 36. h4 b6 37. Kf4 (37. Rb5 $14) 37... fxg4 38. Kxg4 Rc1 39. Re2 h5+ 40. Kg3 Rc3 (40... Kf5 $15 {was preferrable.}) 41. Kf4 $11 Rc4 1/2-1/2

[Event "Seniors-LEM-50 Sachsen-Anhalt 2024"]
[Site "Magdeburg"]
[Date "2024.07.03"]
[Round "3.6"]
[White "Anderberg, Peter"]
[Black "Richter, Juergen"]
[Result "1/2-1/2"]
[ECO "D35"]
[WhiteElo "1909"]
[BlackElo "1841"]
[Annotator "NA RC"]
[PlyCount "27"]
[EventDate "2024.06.25"]
[EventType "swiss"]
[EventCountry "GER"]
[SourceTitle "playchess.com"]
[Source "ChessBase"]
[SourceQuality "1"]
[TimeControl "40/5400+30:1800+30"]

1. d4 d5 2. c4 e6 3. Nc3 Nf6 4. cxd5 exd5 5. Bg5 Be7 6. e3 O-O 7. Bd3 Nc6 8. a3 a6 9. Bxf6 Bxf6 10. Qh5 g6 11. Qxd5 Qe7 12. Nge2 Bg7 13. Qf3 Rd8 14. Rd1 1/2-1/2

[Event "Seniors-LEM-50 Sachsen-Anhalt 2024"]
[Site "Magdeburg"]
[Date "2024.07.03"]
[Round "3.7"]
[White "Wirp, Hans-Werner"]
[Black "Korte, Markus"]
[Result "0-1"]
[ECO "D00"]
[WhiteElo "1841"]
[BlackElo "1895"]
[Annotator "NA RC"]
[PlyCount "68"]
[EventDate "2024.06.25"]
[EventType "swiss"]
[EventCountry "GER"]
[SourceTitle "playchess.com"]
[Source "ChessBase"]
[SourceQuality "1"]
[TimeControl "40/5400+30:1800+30"]

1. d4 d5 2. e4 dxe4 3. Nc3 Nf6 4. f3 Bf5 5. fxe4 Nxe4 6. Qf3 Nd6 7. Bf4 Qc8 8. h3 {[%emt 0:00:36] D00: 1 d4 d5: Unusual lines.} e6 9. g4 Bg6 10. Bg2 c6 11. Nge2 Qd8 12. O-O Na6 13. a3 Be7 14. b4 Nc7 15. Bxd6 Bxd6 16. Ne4 Be7 17. Rad1 O-O 18. c4 Bxe4 19. Qxe4 a5 20. Rb1 axb4 21. axb4 Ra4 22. c5 Bf6 23. Rfd1 Nb5 24. Qc2 Qa8 ({But not} 24... Nxd4 25. Qxa4 Nxe2+ 26. Kf1 Ng3+ 27. Kf2 $17) 25. Be4 g6 26. Rd3 $2 (26. Nc3 Nxc3 (26... Nxd4 27. Qf2 $18) 27. Qxc3) 26... Na3 27. Rxa3 Rxa3 28. Bd3 Rd8 29. Qc4 Qb8 30. Rf1 Bxd4+ 31. Kg2 Be3 32. Bb1 Rd2 33. h4 Qe5 34. h5 Rc3 0-1

[Event "Seniors-LEM-50 Sachsen-Anhalt 2024"]
[Site "Magdeburg"]
[Date "2024.07.03"]
[Round "3.8"]
[White "Puschendorf, Steffen"]
[Black "Buciu, Aurel-John"]
[Result "1-0"]
[ECO "D11"]
[WhiteElo "2067"]
[BlackElo "1807"]
[Annotator "RC"]
[PlyCount "35"]
[EventDate "2024.06.25"]
[EventType "swiss"]
[EventCountry "GER"]
[SourceTitle "playchess.com"]
[Source "ChessBase"]
[SourceQuality "1"]
[TimeControl "40/5400+30:1800+30"]

1. d4 d5 2. c4 c6 3. Nf3 Nf6 4. Qc2 Bg4 5. Ne5 Bh5 6. cxd5 Nxd5 7. Qb3 Qb6 8. Qh3 Nf6 9. Qc8+ Qd8 10. Qxb7 Nbd7 11. Nc3 c5 12. e3 cxd4 13. exd4 a6 14. Bxa6 Rb8 15. Qc6 Rb6 16. Qc4 Ne4 17. Nxe4 Nxe5 18. Bb5+ 1-0

[Event "Seniors-LEM-50 Sachsen-Anhalt 2024"]
[Site "Magdeburg"]
[Date "2024.07.03"]
[Round "3.10"]
[White "Schomann, Michael"]
[Black "Kottke, Steffen"]
[Result "0-1"]
[ECO "D08"]
[WhiteElo "1777"]
[BlackElo "1933"]
[Annotator "NA RC"]
[PlyCount "74"]
[EventDate "2024.06.25"]
[EventType "swiss"]
[EventCountry "GER"]
[SourceTitle "playchess.com"]
[Source "ChessBase"]
[SourceQuality "1"]
[TimeControl "40/5400+30:1800+30"]

1. d4 d5 2. c4 e5 3. dxe5 d4 4. Nf3 Nc6 5. a3 Bg4 6. Nbd2 Nge7 7. h3 {[%emt 0:00:30] D08: Albin Counter Gambit.} Be6 8. b3 Ng6 9. Bb2 Ngxe5 10. Ne4 Nxf3+ 11. exf3 f5 12. Ng3 Bd6 13. Bd3 Qg5 14. Bc1 Qf6 15. f4 (15. O-O $1 $11) 15... O-O-O 16. O-O g6 17. b4 h6 18. Bd2 g5 {[%emt 0:00:30] [#]} 19. Nh5 ({Better is} 19. Re1 $1 $16 Rde8 (19... Bxf4 $2 {loses.} 20. Rxe6 Qf7 21. Bxf4 $18) 20. b5) 19... Qf7 20. b5 Nb8 21. g4 $2 (21. Bb4 $1 $11 {and White has nothing to worry.}) 21... fxg4 22. hxg4 gxf4 23. Be4 Bxg4 24. Qxg4+ Nd7 25. Bxb7+ Kxb7 26. Qf3+ Kb8 27. Kh1 Ne5 28. Qh3 Nxc4 29. Bb4 Bxb4 30. axb4 Rd5 31. Nxf4 Qxf4 32. Rxa7 Kxa7 33. Ra1+ Kb8 34. b6 Nxb6 35. Kg1 d3 36. Qe6 Rg5+ 37. Kf1 Rhg8 0-1

[Event "Seniors-LEM-50 Sachsen-Anhalt 2024"]
[Site "Magdeburg"]
[Date "2024.07.03"]
[Round "3.11"]
[White "Wahrenberg, Ralf"]
[Black "Schroeder, Frank"]
[Result "0-1"]
[ECO "D02"]
[WhiteElo "1873"]
[BlackElo "1942"]
[Annotator "NA RC"]
[PlyCount "86"]
[EventDate "2024.06.25"]
[EventType "swiss"]
[EventCountry "GER"]
[SourceTitle "playchess.com"]
[Source "ChessBase"]
[SourceQuality "1"]
[TimeControl "40/5400+30:1800+30"]

1. d4 d5 2. Nf3 Nf6 3. Bf4 c5 4. e3 Nc6 5. c3 Qb6 6. Qb3 c4 7. Qxb6 axb6 8. Na3 Bf5 9. Nb5 {[%emt 0:02:56] D02: 1 d4 d5 2 Nf3 sidelines, including 2...Nf6 3 g3 and 2...Nf6 3 Bf4.} Kd7 10. h3 h6 11. Be2 e6 12. O-O Ra5 13. a4 Be7 14. Rfc1 Rha8 15. Bd1 Ne4 16. Kf1 Nd6 17. Nxd6 Bxd6 18. Bxd6 Kxd6 19. Ra3 $1 Bd3+ 20. Ke1 f6 21. Rca1 g5 22. Nd2 e5 23. f3 exd4 24. exd4 Re8+ 25. Kf2 Raa8 26. b3 Re7 27. bxc4 dxc4 28. Nf1 f5 29. f4 gxf4 30. Bf3 Rae8 (30... Na5 $142 31. Nd2 Re3) 31. R3a2 Na5 32. Rb2 Nb3 33. Rd1 {[%emt 0:00:04] [#]} Be4 $1 34. Nd2 $17 Nxd2 35. Rdxd2 Kc7 36. Rb4 Bd3 37. Rdb2 Re1 38. g3 fxg3+ 39. Kxg3 f4+ 40. Kxf4 Rf8+ 41. Kg3 Re3 42. Rf2 Be4 43. Rxc4+ Kd7 0-1

[Event "Seniors-LEM-50 Sachsen-Anhalt 2024"]
[Site "Magdeburg"]
[Date "2024.07.03"]
[Round "3.12"]
[White "Ehrich, Dieter"]
[Black "Fabregas, Oliver"]
[Result "0-1"]
[ECO "A21"]
[WhiteElo "1719"]
[BlackElo "1876"]
[Annotator "NA RC"]
[PlyCount "84"]
[EventDate "2024.06.25"]
[EventType "swiss"]
[EventCountry "GER"]
[SourceTitle "playchess.com"]
[Source "ChessBase"]
[SourceQuality "1"]
[TimeControl "40/5400+30:1800+30"]

1. c4 e5 2. Nc3 Bb4 3. Nd5 Be7 4. g3 Nf6 5. Bg2 O-O 6. e3 {[%emt 0:02:26] A21: English Opening: 1...e5 2 Nc3.} Nxd5 7. cxd5 d6 8. d4 exd4 9. exd4 Bf6 10. Ne2 b6 11. O-O Ba6 12. Be3 Re8 13. Re1 Bxe2 14. Rxe2 Nd7 15. Qd2 Nf8 16. Rae1 Qd7 17. Bg5 Rxe2 18. Rxe2 Bxg5 19. Qxg5 Re8 20. Qd2 h6 21. Qd3 (21. Be4 $11) 21... Re7 22. Kf1 a5 23. b3 Nh7 24. f4 Nf6 25. Rxe7 Qxe7 26. h3 g6 27. Kf2 Kg7 28. g4 Nd7 29. a4 Qh4+ 30. Kf1 (30. Kf3 $15) 30... Qe7 31. Kf2 Nf6 32. Bf3 Nh7 $11 33. Bg2 Qh4+ 34. Kf1 h5 35. Qf3 hxg4 36. hxg4 Nf6 37. g5 Nh5 38. f5 Ng3+ 39. Kg1 Nxf5 40. Bh3 Qxd4+ 41. Kh2 Qd2+ 42. Kg1 Qxg5+ 0-1

[Event "Seniors-LEM-50 Sachsen-Anhalt 2024"]
[Site "Magdeburg"]
[Date "2024.07.03"]
[Round "3.13"]
[White "Giesenberg, Angela"]
[Black "Bachmann, Sylvia"]
[Result "1/2-1/2"]
[ECO "A05"]
[WhiteElo "1827"]
[BlackElo "1768"]
[Annotator "NA RC"]
[PlyCount "66"]
[EventDate "2024.06.25"]
[EventType "swiss"]
[EventCountry "GER"]
[SourceTitle "playchess.com"]
[Source "ChessBase"]
[SourceQuality "1"]
[TimeControl "40/5400+30:1800+30"]

1. Nf3 Nf6 2. d3 g6 3. e4 d6 4. g3 Bg7 5. Bg2 c5 6. Nbd2 Nc6 7. c3 Bd7 8. O-O O-O 9. a4 a5 {[%emt 0:05:18] A05: Réti Opening: 1 Nf3 Nf6.} 10. Re1 e5 11. Nc4 Qc7 12. h3 Nh5 13. Ne3 Qc8 14. Nd5 Rb8 15. Nb6 Qd8 16. Nxd7 Qxd7 17. Nh4 h6 18. Be3 Kh7 19. Kh2 Ne7 20. Qe2 b5 21. axb5 Qxb5 22. Reb1 Ra8 (22... Rfd8 $16 {might work better.}) 23. c4 ({White should try} 23. Nf5 $16) 23... Qb7 24. Bf3 Nf6 25. Ra4 Nc6 26. Rba1 Ra6 27. Bg2 Rb8 28. Bc1 Nd4 29. Qd1 Qb6 30. Nf3 Nc6 31. Ne1 Qa7 $11 32. Nc2 Nd7 33. Na3 Nb6 1/2-1/2

[Event "Seniors-LEM-50 Sachsen-Anhalt 2024"]
[Site "Magdeburg"]
[Date "2024.07.03"]
[Round "3.14"]
[White "Gaul, Karl-Heinz"]
[Black "Leib, Britta"]
[Result "0-1"]
[ECO "E61"]
[WhiteElo "1684"]
[BlackElo "1920"]
[Annotator "RC"]
[PlyCount "58"]
[EventDate "2024.06.25"]
[EventType "swiss"]
[EventCountry "GER"]
[SourceTitle "playchess.com"]
[Source "ChessBase"]
[SourceQuality "1"]
[TimeControl "40/5400+30:1800+30"]

1. d4 Nf6 2. c4 g6 3. Nc3 Bg7 4. Bf4 O-O 5. Qd2 Re8 6. Nf3 d6 7. Bh6 Bh8 8. h3 Nbd7 9. e4 e5 10. d5 Nc5 11. Ng5 a5 12. Be2 Bg7 13. Bxg7 Kxg7 14. f3 h6 15. h4 hxg5 16. Qxg5 Nh5 17. Kf2 Bd7 18. Qe3 Rh8 19. g3 Qe7 20. Rag1 Rag8 21. f4 Nf6 22. a3 exf4 23. gxf4 Nfxe4+ 24. Kf3 Re8 25. Qd4+ f6 26. h5 Bf5 27. Rg5 Nxc3 28. Rxf5 Qxe2+ 29. Kg3 Re3+ 0-1

[Event "Seniors-LEM-50 Sachsen-Anhalt 2024"]
[Site "Magdeburg"]
[Date "2024.07.03"]
[Round "3.15"]
[White "Ahrens, Gunnar"]
[Black "Wulff, Jens-Peter"]
[Result "1-0"]
[ECO "A03"]
[WhiteElo "1750"]
[BlackElo "1827"]
[Annotator "NA RC"]
[PlyCount "137"]
[EventDate "2024.06.25"]
[EventType "swiss"]
[EventCountry "GER"]
[SourceTitle "playchess.com"]
[Source "ChessBase"]
[SourceQuality "1"]
[TimeControl "40/5400+30:1800+30"]

1. f4 d5 2. Nf3 Bg4 3. e3 Nf6 4. b3 g6 5. Bb2 Bg7 6. Bb5+ {[%emt 0:00:18] A03: Bird's Opening with 1...d5.} c6 7. Be2 Nbd7 8. O-O O-O 9. d4 Ne4 10. Nbd2 c5 11. c3 Rc8 12. Nxe4 dxe4 13. Ne5 Bxe2 14. Qxe2 Nf6 15. c4 Ne8 16. Rad1 Bxe5 17. dxc5 Bxb2 18. Rxd8 Rxd8 19. Qxb2 f5 20. b4 Nf6 21. h3 Rd3 22. Re1 Rfd8 23. a4 Rd2 24. Qc1 Nh5 25. b5 Ng3 26. c6 bxc6 27. bxc6 Ne2+ 28. Rxe2 Rd1+ 29. Re1 Rxc1 30. Rxc1 Rc8 31. Kf2 Rxc6 32. Ke2 Kf7 33. Kd2 Ra6 34. c5 Ke8 35. Rc4 Kd7 36. Kc3 Re6 37. Kb4 Kc6 38. a5 g5 39. fxg5 h6 40. gxh6 Rxh6 {[%emt 0:00:00] [#]} 41. Rc2 $1 Rh8 {[%emt 0:00:00] [#]} 42. Rf2 $1 Rh5 43. Kc4 Rg5 $18 44. a6 e6 45. Rd2 Kc7 46. Kd4 Kc6 47. Rc2 ({Much less strong is} 47. Ke5 Rg6 48. Rc2 Rh6 $18) 47... Rh5 48. Rb2 Rh7 49. Ke5 Kxc5 50. Rb7 Rh6 51. Rxa7 Kb6 52. Rg7 Kxa6 {[%emt 0:00:34] [#]} 53. Kf4 $1 (53. Re7 Kb5) 53... Kb5 54. Kg5 Rh8 55. Rg6 Re8 56. h4 Kc4 57. h5 Kd3 58. Kf4 e5+ 59. Kxf5 Kxe3 60. Rd6 Kf2 61. Kxe4 Kxg2 62. h6 Re7 63. Rf6 Kg3 64. Rg6+ Kh4 65. Rg7 Re6 66. h7 Rh6 67. Kxe5 Kh5 68. Kf5 Kh4 69. Rg1 1-0

[Event "Seniors-LEM-50 Sachsen-Anhalt 2024"]
[Site "Magdeburg"]
[Date "2024.07.03"]
[Round "3.16"]
[White "Remstedt, Ute"]
[Black "Meffert, Claudia"]
[Result "0-1"]
[ECO "D00"]
[WhiteElo "1710"]
[BlackElo "1811"]
[Annotator "NA RC"]
[PlyCount "36"]
[EventDate "2024.06.25"]
[EventType "swiss"]
[EventCountry "GER"]
[SourceTitle "playchess.com"]
[Source "ChessBase"]
[SourceQuality "1"]
[TimeControl "40/5400+30:1800+30"]

1. d4 d5 2. Nf3 Nf6 3. Nc3 e6 4. a3 Be7 5. e3 O-O 6. Bd3 b6 7. O-O Bb7 8. Bd2 Nbd7 9. Ne2 Ne4 10. c3 Ndf6 11. Ne5 Bd6 12. f3 Nxd2 13. Qxd2 c5 14. Ng3 Qc7 15. f4 Ne4 16. Qe1 f6 17. Nf3 e5 18. f5 Nxg3 0-1